[Event "Titled Tuesday Blitz August 22 Early 2023"]
[White "Korchmar, Vasiliy"]
[Black "Zenin, Dmitry"]
[WhiteFideId "24131750"]
[BlackFideId "4127897"]
[WhiteElo "2683"]
[BlackElo "2403"]
[Result "1-0"]
[Round "1"]
[TimeControl "180+1"]
[Date "2023.08.22"]
[WhiteClock "0:00:57"]
[BlackClock "0:00:56"]
[Board "114"]

1. e4 e5 2. Nf3 Nc6 3. Bc4 Bc5 4. c3 Nf6 5. d3 a6 6. Bg5 h6 7. Bh4 Be7 8. O-O d6 9. a4 O-O 10. Nbd2 Nh5 11. Bg3 Nxg3 12. hxg3 Kh8 13. d4 Bf6 14. dxe5 Nxe5 15. Nxe5 Bxe5 16. Qh5 Be6 17. Bxe6 fxe6 18. Nf3 Bf6 19. e5 dxe5 20. Nxe5 Bxe5 21. Qxe5 Qd6 22. Rae1 Qxe5 23. Rxe5 Rf6 24. Rd1 Raf8 25. f3 R8f7 26. Rd8+ Kh7 27. Kf2 Re7 28. a5 Kg6 29. g4 Kf7 30. Rb8 c6 31. Ke3 Rd7 32. Re4 Ke7 33. Rb4 Kd6 34. Rd4+ 1-0


[Site "https://www.chess.com"]

[Event "Titled Tuesday Blitz August 22 Early 2023"]
[White "Romero Ruscalleda, Josep"]
[Black "Egor_Koshulyan"]
[WhiteFideId "2231859"]
[WhiteElo "2403"]
[BlackElo "2682"]
[Result "1-0"]
[Round "1"]
[TimeControl "180+1"]
[Date "2023.08.22"]
[WhiteClock "0:01:23"]
[BlackClock "0:00:45"]
[Board "115"]

1. e4 c5 2. c3 Nf6 3. e5 Nd5 4. Nf3 Nc6 5. Bc4 e6 6. O-O d6 7. d4 cxd4 8. cxd4 Be7 9. Nc3 Nxc3 10. bxc3 dxe5 11. dxe5 Qa5 12. Qe2 O-O 13. Bd2 Bd7 14. Rfd1 Rfd8 15. Qe4 Qa4 16. Bg5 b5 17. Bxe7 Nxe7 18. Rxd7 bxc4 19. Rxe7 Rd1+ 20. Rxd1 Qxd1+ 21. Qe1 Qd3 22. h4 Rb8 23. Kh2 h6 24. Qe3 Qf1 25. Qxa7 Rb1 26. Rxf7 Qd3 27. Rxg7+ Kh8 28. Rg3 Qe3 1-0


[Site "https://www.chess.com"]

[Event "Titled Tuesday Blitz August 22 Early 2023"]
[White "Alex_Sahakyan2006"]
[Black "Fernandez Garcia, Gumersindo"]
[BlackFideId "24516740"]
[WhiteElo "2679"]
[BlackElo "2402"]
[Result "1-0"]
[Round "1"]
[TimeControl "180+1"]
[Date "2023.08.22"]
[WhiteClock "0:00:38"]
[BlackClock "0:01:29"]
[Board "116"]

1. e3 d5 2. Nf3 Nf6 3. c4 c6 4. b3 Bf5 5. Bb2 e6 6. d3 h6 7. Be2 Be7 8. O-O O-O 9. Nbd2 a5 10. a3 Nbd7 11. Ra2 Qc7 12. Qa1 Rfd8 13. Rc1 Rac8 14. h3 Qb8 15. Ne5 Nxe5 16. Bxe5 Qa7 17. Nf3 Ne8 18. b4 Bf6 19. c5 Bxe5 20. Nxe5 Nf6 21. Qb2 Ra8 22. b5 Nd7 23. bxc6 Nxe5 24. cxb7 Rab8 25. Qxe5 Rxb7 26. Rac2 Rc8 27. Rc3 Rb2 28. Bf1 Rb5 29. e4 Bg6 30. exd5 Rbxc5 31. Rxc5 Rxc5 32. Qd4 Rxc1 33. Qxa7 Bxd3 34. d6 Bxf1 35. Kh2 Bb5 36. Qb8+ 1-0


[Site "https://www.chess.com"]

[Event "Titled Tuesday Blitz August 22 Early 2023"]
[White "Dwilewicz, Katarzyna"]
[Black "Jakubowski, Krzysztof"]
[WhiteFideId "1148486"]
[BlackFideId "1112848"]
[WhiteElo "2401"]
[BlackElo "2678"]
[Result "1-0"]
[Round "1"]
[TimeControl "180+1"]
[Date "2023.08.22"]
[WhiteClock "0:00:06"]
[BlackClock "0:01:00"]
[Board "117"]

1. e4 c5 2. Nf3 e6 3. g3 Nc6 4. Bg2 Nf6 5. Nc3 Qc7 6. O-O a6 7. d4 cxd4 8. Nxd4 Be7 9. Re1 d6 10. Nxc6 bxc6 11. e5 dxe5 12. Rxe5 O-O 13. Bf4 Bd6 14. Rxe6 Bxf4 15. Rxc6 Qa7 16. Rxf6 gxf6 17. Bxa8 Qxa8 18. gxf4 Kh8 19. Ne2 Bg4 20. Qd4 Rg8 21. Ng3 Rg6 22. Re1 h5 23. h4 Kg7 24. Kh2 Qf3 25. Qe3 Qc6 26. c3 Bc8 27. Nxh5+ Kh7 28. Ng3 Bb7 29. Rg1 Rg4 30. Qe4+ Qxe4 31. Nxe4 Rxg1 32. Nxf6+ Kg6 33. Kxg1 Kxf6 34. Kh2 Bf3 35. Kg3 Bd1 36. f3 Kg6 37. b3 f5 38. Kf2 Bc2 39. Ke3 Bb1 40. a3 Ba2 41. b4 Bf7 42. Kd4 Kf6 43. c4 Ke6 44. a4 Be8 45. b5 a5 46. c5 Bh5 47. b6 Kd7 48. Ke5 Bxf3 49. Kxf5 Bd1 50. Ke5 Bxa4 51. h5 Kc6 52. h6 Bc2 53. f5 a4 54. h7 a3 55. h8=Q a2 56. Qa8+ Kb5 57. Qxa2 Kb4 58. Qxc2 Ka3 59. Qc3+ Ka4 60. Qa1+ Kb5 61. b7 Kc4 62. b8=Q Kd3 63. Qb3+ Ke2 64. Qaa2+ Ke1 65. Qbb1# 1-0


[Site "https://www.chess.com"]

[Event "Titled Tuesday Blitz August 22 Early 2023"]
[White "KarolKacprzak"]
[Black "Cheer_Down"]
[WhiteElo "2675"]
[BlackElo "2400"]
[Result "1-0"]
[Round "1"]
[TimeControl "180+1"]
[Date "2023.08.22"]
[WhiteClock "0:00:25"]
[BlackClock "0:00:29"]
[Board "118"]

1. Nf3 d5 2. e3 Nf6 3. c4 e6 4. b3 c5 5. Bb2 Nc6 6. cxd5 exd5 7. Bb5 Bd6 8. O-O O-O 9. d4 cxd4 10. Nxd4 Bd7 11. Be2 Qe7 12. Nd2 Rad8 13. Rc1 Rfe8 14. N2f3 Bb8 15. h3 Ne4 16. Nxc6 bxc6 17. Qd4 f6 18. b4 Qd6 19. Rfd1 Re7 20. b5 Ng5 21. bxc6 Bxh3 22. gxh3 Nxf3+ 23. Bxf3 Qh2+ 24. Kf1 Be5 25. c7 Bxc7 26. Bxd5+ Kh8 27. Qc4 Bb6 28. Bg2 Rde8 29. Qf4 Qxf4 30. exf4 Re2 31. Bd4 Bxd4 32. Rxd4 Rxa2 33. Bc6 Rc8 34. Rcd1 g6 35. Rd8+ Rxd8 36. Rxd8+ Kg7 37. Rd7+ Kh6 38. Kg2 a5 39. Ra7 f5 40. Bd5 Rd2 41. Bg8 g5 42. fxg5+ Kxg5 43. Rxa5 h5 44. Be6 Re2 45. Bxf5 Kh4 46. Bg6 Re5 47. Ra4+ Kg5 48. f4+ Kxg6 49. fxe5 1-0


[Site "https://www.chess.com"]

[Event "Titled Tuesday Blitz August 22 Early 2023"]
[White "FuenfgegenWilly"]
[Black "Gubajdullin, Alexei"]
[BlackFideId "4141202"]
[WhiteElo "2400"]
[BlackElo "2674"]
[Result "0-1"]
[Round "1"]
[TimeControl "180+1"]
[Date "2023.08.22"]
[WhiteClock "0:00:54"]
[BlackClock "0:01:48"]
[Board "119"]

1. e4 g6 2. Nc3 d6 3. f4 Bg7 4. Nf3 c5 5. Bb5+ Bd7 6. Bxd7+ Qxd7 7. O-O Nc6 8. d3 Nf6 9. Qe1 O-O 10. Qh4 Nd4 11. Nxd4 cxd4 12. Ne2 Rac8 13. c3 dxc3 14. bxc3 b5 15. f5 b4 16. Bd2 bxc3 17. Bxc3 Qb5 18. Rf3 Rxc3 19. Nxc3 Qc5+ 20. Kh1 Qxc3 21. Raf1 Rb8 22. h3 Rb2 23. fxg6 hxg6 24. a4 Qc2 25. R1f2 Rb1+ 26. Kh2 Qxa4 27. Qg5 Qa1 28. e5 Nh5 29. Rxf7 Rh1# 0-1


[Site "https://www.chess.com"]

[Event "Titled Tuesday Blitz August 22 Early 2023"]
[White "Mgeladze, Tamaz"]
[Black "Baches Garcia, Guillermo"]
[WhiteFideId "13601202"]
[BlackFideId "2209764"]
[WhiteElo "2673"]
[BlackElo "2400"]
[Result "0-1"]
[Round "1"]
[TimeControl "180+1"]
[Date "2023.08.22"]
[WhiteClock "0:00:29"]
[BlackClock "0:00:43"]
[Board "120"]

1. c4 e5 2. g3 Nf6 3. Bg2 d5 4. cxd5 Nxd5 5. Nc3 Nb6 6. Nf3 Nc6 7. O-O Be7 8. Rb1 a5 9. a3 O-O 10. b4 axb4 11. axb4 Re8 12. b5 Nd4 13. d3 Bf8 14. Nd2 c6 15. bxc6 Nxc6 16. Nde4 Nd7 17. Nd5 Ra6 18. Be3 Nd4 19. Bxd4 exd4 20. Qc2 Rc6 21. Qa2 Nc5 22. Nxc5 Rxc5 23. Rfc1 Rxc1+ 24. Rxc1 Be6 25. Qb3 Qg5 26. f4 Qh5 27. Bf3 Bg4 28. Qxb7 Bxf3 29. exf3 Re2 30. h4 Qg6 31. g4 Qxd3 32. f5 Qd2 0-1


[Site "https://www.chess.com"]

[Event "Titled Tuesday Blitz August 22 Early 2023"]
[White "Bogaudinov, Rushan"]
[Black "Pert, Richard G"]
[WhiteFideId "4129288"]
[BlackFideId "404748"]
[WhiteElo "2400"]
[BlackElo "2671"]
[Result "0-1"]
[Round "1"]
[TimeControl "180+1"]
[Date "2023.08.22"]
[WhiteClock "0:00:06"]
[BlackClock "0:00:14"]
[Board "121"]

1. d4 d5 2. Nf3 Nf6 3. e3 c5 4. Be2 Nc6 5. O-O cxd4 6. Nxd4 e5 7. Nxc6 bxc6 8. c4 Be7 9. cxd5 cxd5 10. b3 O-O 11. Bb2 Bd6 12. Nc3 Bb7 13. Na4 Rc8 14. Rc1 Rxc1 15. Qxc1 Qe7 16. Qc3 h5 17. Qa5 Bc8 18. Rc1 Bg4 19. f3 Bf5 20. Nc5 Rc8 21. b4 d4 22. e4 Be6 23. Ba6 Rc7 24. Nd3 Rxc1+ 25. Bxc1 Nd7 26. Bb5 Nb6 27. Bd2 Nc4 28. Bxc4 Bxc4 29. Nc5 Qc7 30. Qxc7 Bxc7 31. a3 f6 32. Kf2 Bb6 33. Na4 Bc7 34. Nb2 Bb3 35. Nd3 Kf7 36. g3 Bc4 37. Nb2 Bb3 38. Ke2 Bb6 39. Kd3 Ke6 40. f4 g6 41. fxe5 Kxe5 42. Bf4+ Ke6 43. Nc4 g5 44. Bd2 Bxc4+ 45. Kxc4 Ke5 46. Kd3 a6 47. Bc1 Ba7 48. Bb2 h4 49. a4 h3 50. g4 Bb6 51. Bc1 Ba7 52. Bd2 Bb6 53. Bc1 Bc7 54. b5 axb5 55. axb5 Ke6 56. Bd2 Bxh2 57. b6 Be5 58. b7 h2 59. Kc4 h1=Q 60. Bb4 Qf1+ 61. Kc5 Qa6 62. Ba5 Bb8 63. Bb6 Qxb7 64. Kc4 Qc8+ 65. Kxd4 Qd7+ 66. Ke3 Qb5 67. Bd4 Qb3+ 68. Ke2 Be5 69. Be3 Bf4 70. Kf3 Qxe3+ 71. Kg2 Qxe4+ 72. Kh3 Qe3+ 73. Kg2 Qg3+ 74. Kf1 Qxg4 75. Kf2 Qg3+ 76. Kf1 Qh2 77. Ke1 Be5 78. Kd1 Bd4 79. Ke1 Be3 0-1


[Site "https://www.chess.com"]

[Event "Titled Tuesday Blitz August 22 Early 2023"]
[White "Shuvalova, Polina"]
[Black "Astafurov, Arseniy"]
[WhiteFideId "24171760"]
[BlackFideId "24175218"]
[WhiteElo "2668"]
[BlackElo "2398"]
[Result "0-1"]
[Round "1"]
[TimeControl "180+1"]
[Date "2023.08.22"]
[WhiteClock "0:00:12"]
[BlackClock "0:00:12"]
[Board "122"]

1. Nf3 d5 2. g3 Bg4 3. Bg2 Nd7 4. h3 Bh5 5. O-O c6 6. c4 Bxf3 7. Bxf3 Ne5 8. Bg2 dxc4 9. Nc3 Nf6 10. b3 cxb3 11. Qxb3 Qb6 12. Qc2 e6 13. Rb1 Qa6 14. d4 Ned7 15. Bf4 Be7 16. Ne4 O-O 17. Bd6 Bxd6 18. Nxd6 Rab8 19. e4 e5 20. dxe5 Nxe5 21. f4 Ned7 22. Rfd1 Qa5 23. Kh2 Qc5 24. Qd2 Nb6 25. e5 Nfd5 26. Rdc1 Qe3 27. Qxe3 Nxe3 28. Be4 g6 29. a4 Nxa4 30. Rxb7 Rxb7 31. Nxb7 Rc8 32. Nd6 Rc7 33. Ne8 Rc8 34. Nf6+ Kg7 35. Ra1 Nc3 36. Bf3 Nb5 37. Re1 Nf5 38. Rc1 Nfd4 39. Bg2 a5 40. Ne4 a4 41. Bf1 a3 42. Bc4 Ra8 43. Ra1 Ra4 44. Nd2 Rb4 45. Kg1 Nf3+ 46. Nxf3 Rxc4 47. Kf2 Rc3 48. Ke2 Rb3 49. Nd2 Rxg3 50. h4 h5 51. Kf2 Rh3 52. Ne4 Rb3 53. Nd2 Rb2 54. Ke3 a2 55. Kd3 Nc7 56. Kc3 Rb8 57. Rxa2 Ne6 58. Ra4 Rd8 59. Nf3 Rd1 60. Ra7 Rf1 61. Nd2 Rxf4 62. Kd3 Rxh4 63. Ne4 Rf4 64. Nd6 h4 65. Ke3 h3 66. Ne8+ Kh6 67. Nf6 h2 68. Rxf7 Ng5 69. Rf8 Rxf6 70. exf6 h1=Q 71. Rh8+ Nh7 72. f7 Qe1+ 73. Kd4 Qd2+ 74. Kc5 Qe3+ 75. Kd6 Qf4+ 76. Ke7 Qe5+ 77. Kd7 Qxh8 78. Ke7 Qf8+ 79. Ke6 g5 80. Kf5 g4 81. Ke6 g3 82. Kf5 g2 83. Kg4 g1=Q+ 84. Kh4 Qg5+ 85. Kh3 Qxf7 86. Kh2 Qfh5# 0-1


[Site "https://www.chess.com"]

[Event "Titled Tuesday Blitz August 22 Early 2023"]
[White "Biregina"]
[Black "Djordjevic, Vuk"]
[BlackFideId "902098"]
[WhiteElo "2395"]
[BlackElo "2667"]
[Result "0-1"]
[Round "1"]
[TimeControl "180+1"]
[Date "2023.08.22"]
[WhiteClock "0:00:00"]
[BlackClock "0:00:28"]
[Board "123"]

1. d4 e6 2. Nf3 Nf6 3. e3 b6 4. b3 Bb7 5. Bb2 c5 6. Nbd2 Be7 7. Bd3 O-O 8. O-O Nc6 9. a3 d5 10. Ne5 Qc7 11. Ndf3 Ne4 12. Nxc6 Bxc6 13. Ne5 Bb7 14. Bxe4 dxe4 15. Qg4 f5 16. Qe2 cxd4 17. Bxd4 Bf6 18. Qc4 Qxc4 19. bxc4 Rac8 20. Rab1 Rfd8 21. Rfd1 Ba6 22. c5 bxc5 23. Bc3 Rd5 24. f4 Rcd8 25. Rxd5 exd5 26. Rd1 Bb5 27. Rb1 Ba4 28. Rb7 d4 29. exd4 cxd4 30. Bd2 Bxc2 31. Rxa7 e3 32. Bb4 d3 33. Rd7 Rxd7 34. Nxd7 d2 35. Nxf6+ gxf6 0-1


[Site "https://www.chess.com"]

[Event "Titled Tuesday Blitz August 22 Early 2023"]
[White "Tatarinov, Dmitry"]
[Black "Kupervaser, Erez"]
[WhiteFideId "24160067"]
[BlackFideId "2814587"]
[WhiteElo "2661"]
[BlackElo "2394"]
[Result "0-1"]
[Round "1"]
[TimeControl "180+1"]
[Date "2023.08.22"]
[WhiteClock "0:01:07"]
[BlackClock "0:00:39"]
[Board "124"]

1. d4 d5 2. Nf3 Nf6 3. Bf4 c5 4. e3 Qb6 5. Nc3 a6 6. Be2 Qxb2 7. Na4 Qa3 8. Nxc5 Qc3+ 9. Nd2 Nc6 10. O-O e6 11. Na4 Qa5 12. c4 Bb4 13. cxd5 Nxd5 14. Nc4 Qd8 15. Bg3 b5 16. a3 Be7 17. Ne5 Nxe5 18. Bxe5 f6 19. Bg3 bxa4 20. Qxa4+ Bd7 21. Qc2 O-O 22. e4 Rc8 23. Qd2 Nc3 24. Bxa6 Nxe4 25. Qe3 Nxg3 26. Bxc8 Nxf1 0-1


[Site "https://www.chess.com"]

[Event "Titled Tuesday Blitz August 22 Early 2023"]
[White "Nosacheva, Mariya"]
[Black "Skvortsov, Andrei"]
[WhiteFideId "34111422"]
[BlackFideId "24108600"]
[WhiteElo "2394"]
[BlackElo "2659"]
[Result "1-0"]
[Round "1"]
[TimeControl "180+1"]
[Date "2023.08.22"]
[WhiteClock "0:01:03"]
[BlackClock "0:01:10"]
[Board "125"]

1. e4 d5 2. exd5 Qxd5 3. d4 e5 4. Nf3 exd4 5. Qxd4 Nf6 6. Bc4 Qxd4 7. Nxd4 Bc5 8. Nb5 Na6 9. Bf4 Bb4+ 10. Nd2 O-O 11. c3 Ba5 12. O-O Rd8 13. Rfe1 c6 14. Nd6 b5 15. Bxf7+ Kf8 16. Nxc8 Kxf7 17. Nd6+ Kf8 18. Nb7 Rxd2 19. Bxd2 Bc7 20. Be3 Ng4 21. Nc5 Bxh2+ 22. Kh1 Nc7 23. g3 Nd5 24. Kg2 h5 25. Bg5 Kf7 26. f3 Kg6 27. fxg4 Kxg5 28. Ne6+ Kf6 29. g5+ Kg6 30. Kxh2 a5 31. Nf4+ 1-0


[Site "https://www.chess.com"]

[Event "Titled Tuesday Blitz August 22 Early 2023"]
[White "Rakhimzhan_Alen"]
[Black "Avazkhonov, Alikhon"]
[BlackFideId "14208504"]
[WhiteElo "2658"]
[BlackElo "2393"]
[Result "1-0"]
[Round "1"]
[TimeControl "180+1"]
[Date "2023.08.22"]
[WhiteClock "0:00:25"]
[BlackClock "0:00:00"]
[Board "126"]

1. Nf3 d5 2. g3 c6 3. Bg2 Bg4 4. c4 Nf6 5. cxd5 cxd5 6. Ne5 Bf5 7. Nc3 Nbd7 8. Qa4 e6 9. g4 Bg6 10. h4 Bd6 11. Nxd7 Qxd7 12. Qxd7+ Kxd7 13. h5 d4 14. Nb5 Be4 15. Bxe4 Nxe4 16. d3 Nf6 17. g5 Nd5 18. Nxd4 Rac8 19. a3 Be5 20. Nf3 Bb8 21. O-O Rc2 22. Nd4 Rc5 23. e3 Nb6 24. e4 Be5 25. Nf3 Bc7 26. Be3 Rc2 27. Bd4 f6 28. Rfc1 Rxc1+ 29. Rxc1 1-0


[Site "https://www.chess.com"]

[Event "Titled Tuesday Blitz August 22 Early 2023"]
[White "Mika, Tomasz"]
[Black "Haug, Havard"]
[WhiteFideId "1132970"]
[BlackFideId "1547887"]
[WhiteElo "2393"]
[BlackElo "2657"]
[Result "0-1"]
[Round "1"]
[TimeControl "180+1"]
[Date "2023.08.22"]
[WhiteClock "0:00:00"]
[BlackClock "0:01:23"]
[Board "127"]

1. d4 d5 2. Nf3 Nf6 3. Bf4 c5 4. e3 Nc6 5. Nbd2 Bf5 6. c3 e6 7. Qa4 Be7 8. Ne5 Qb6 9. Qb5 O-O 10. Qxb6 axb6 11. Be2 c4 12. g4 Bg6 13. g5 Nh5 14. Nxg6 hxg6 15. Bxh5 gxh5 16. Ke2 b5 17. a3 g6 18. Nf3 Ra4 19. h4 Rfa8 20. Rab1 Na5 21. Ne5 Nc6 22. Nd7 R4a7 23. Be5 Rd8 24. Nf6+ Kf8 25. Nh7+ Ke8 26. Nf6+ Bxf6 27. Bxf6 Rda8 28. f4 Kd7 29. Be5 Ne7 30. Bf6 Nf5 31. Rh3 Nd6 32. Be5 Ne4 33. Bg7 Kc6 34. Rc1 Kb6 35. Rc2 Ka5 36. Kd1 Ka4 37. Rhh2 Kb3 38. Rhg2 b4 39. cxb4 c3 40. bxc3 Nxc3+ 41. Kd2 Ne4+ 42. Kd3 Rxa3 43. Rb2+ Ka4+ 44. Ke2 Rc8 45. Kf3 Rcc3 46. Rge2 Kb5 47. Be5 Rc1 48. Rec2 Rf1+ 49. Kg2 Raa1 50. Ra2 Rg1+ 51. Kf3 Raf1+ 52. Ke2 Rf2+ 53. Kd3 Rd1+ 0-1


[Site "https://www.chess.com"]

[Event "Titled Tuesday Blitz August 22 Early 2023"]
[White "Khumalo, Keith"]
[Black "Polaczek, Richard"]
[WhiteFideId "14319470"]
[BlackFideId "200026"]
[WhiteElo "2651"]
[BlackElo "2391"]
[Result "0-1"]
[Round "1"]
[TimeControl "180+1"]
[Date "2023.08.22"]
[WhiteClock "0:01:47"]
[BlackClock "0:00:50"]
[Board "128"]

1. Nf3 d5 2. g3 Bg4 3. Ne5 Bf5 4. Bg2 Nd7 5. Nf3 e6 6. O-O Ngf6 7. d3 c6 8. Nbd2 Be7 9. Qe1 O-O 10. e4 Bg6 11. Nh4 Bc5 12. Nxg6 hxg6 13. Nb3 Bb6 14. Bg5 Qb8 15. Qe2 Nh7 16. Bf4 Bc7 17. Bd2 a5 18. a4 Bb6 19. Kh1 dxe4 20. dxe4 e5 21. f4 Nhf6 22. f5 gxf5 23. exf5 e4 24. Bf4 Bc7 25. Bxc7 Qxc7 26. g4 Rfe8 27. g5 Nd5 28. Rae1 Qe5 29. c3 e3 30. Nd4 Nc5 31. Qg4 Ne4 32. Rf3 Nf2+ 33. Rxf2 exf2 34. Rxe5 Rxe5 35. Nf3 Re1+ 36. Bf1 Rxf1+ 37. Kg2 Ne3+ 0-1


[Site "https://www.chess.com"]

[Event "Titled Tuesday Blitz August 22 Early 2023"]
[White "Rodriguez Fontecha, Marcos"]
[Black "Eynullayev, Atilla"]
[WhiteFideId "2256576"]
[BlackFideId "13413570"]
[WhiteElo "2391"]
[BlackElo "2649"]
[Result "0-1"]
[Round "1"]
[TimeControl "180+1"]
[Date "2023.08.22"]
[WhiteClock "0:00:01"]
[BlackClock "0:00:23"]
[Board "129"]

1. e4 c5 2. Nc3 e6 3. g3 d5 4. Bg2 d4 5. Nce2 Nc6 6. d3 e5 7. f4 f6 8. Nf3 Bd6 9. O-O Nge7 10. f5 Bd7 11. c3 Qb6 12. a3 O-O-O 13. Kh1 Kb8 14. b4 dxc3 15. Nxc3 cxb4 16. axb4 Bxb4 17. Nd5 Nxd5 18. exd5 Nd4 19. Nd2 Bb5 20. Ne4 Rxd5 21. Rb1 a5 22. Be3 Rdd8 23. Nf2 Bc6 24. Bd2 Bxg2+ 25. Kxg2 Qc6+ 26. Ne4 Qc2 27. Qxc2 Nxc2 28. Rfc1 Bxd2 29. Nxd2 Nb4 30. Nc4 Nxd3 31. Rc3 Rc8 32. Rd1 e4 33. Rb1 Rc5 34. Rcb3 Rxc4 35. Rxb7+ Ka8 36. Rxg7 Rb8 37. Ra1 a4 38. Rf7 Rb2+ 39. Kh3 e3 40. Rxf6 Nf2+ 41. Kg2 Ne4+ 0-1


[Site "https://www.chess.com"]

[Event "Titled Tuesday Blitz August 22 Early 2023"]
[White "Veiga, Jose Francisco R P Neves"]
[Black "Gheorghiu, Calin"]
[WhiteFideId "1930087"]
[BlackFideId "1200305"]
[WhiteElo "2649"]
[BlackElo "2390"]
[Result "0-1"]
[Round "1"]
[TimeControl "180+1"]
[Date "2023.08.22"]
[WhiteClock "0:00:11"]
[BlackClock "0:00:12"]
[Board "130"]

1. e4 c6 2. Nc3 d5 3. d4 dxe4 4. Nxe4 Nf6 5. Nxf6+ exf6 6. c3 Bd6 7. Bd3 Qc7 8. Qc2 h6 9. Ne2 O-O 10. h3 b6 11. O-O c5 12. Be3 Bb7 13. Be4 Nd7 14. Rad1 Rfe8 15. Bxb7 Qxb7 16. dxc5 Bxc5 17. Qf5 Ne5 18. Bxc5 bxc5 19. Rd2 Rad8 20. Rfd1 Rxd2 21. Rxd2 Nc4 22. Rd7 Qxb2 23. Ng3 Qxc3 24. Qxc5 Qe1+ 25. Kh2 Ne5 26. Rxa7 Nd3 27. Qc7 Rf8 28. f3 Qd2 29. Qd6 Qe3 30. Re7 Ne5 31. Kh1 Qe1+ 32. Kh2 Qe3 33. Nf1 Qc1 34. Kg1 Nc4 35. Qd5 Ne5 36. Re6 Qf4 37. Re7 Rc8 38. Rd7 Rc1 39. Rd8+ Kh7 40. Qe4+ Qxe4 41. fxe4 Ra1 42. Rd2 Nc4 43. Re2 Nd6 44. Kf2 Rc1 45. Nd2 Rc2 46. Nf3 Nxe4+ 47. Ke3 Rxe2+ 48. Kxe2 Nc3+ 49. Ke3 Nxa2 50. g4 Nb4 51. Ke4 Nc6 52. Kd5 Ne7+ 53. Ke4 Ng6 54. Nd4 Kg8 55. Nf5 Kf8 56. Ne3 Ne7 57. Nd5 Nxd5 58. Kxd5 Ke7 59. Kc6 Ke6 60. Kc7 Ke5 61. Kd8 Kf4 62. Ke7 Kg3 63. Kxf7 Kxh3 64. Kxg7 Kxg4 65. Kxf6 h5 0-1


[Site "https://www.chess.com"]

[Event "Titled Tuesday Blitz August 22 Early 2023"]
[White "Spichkin, Alexander"]
[Black "Nasir, Zehn"]
[WhiteFideId "4144074"]
[BlackFideId "2613239"]
[WhiteElo "2382"]
[BlackElo "2645"]
[Result "0-1"]
[Round "1"]
[TimeControl "180+1"]
[Date "2023.08.22"]
[WhiteClock "0:00:53"]
[BlackClock "0:00:34"]
[Board "131"]

1. f4 f5 2. e4 fxe4 3. d3 d5 4. dxe4 dxe4 5. Qxd8+ Kxd8 6. Nc3 Nf6 7. Be3 c6 8. O-O-O+ Kc7 9. Nge2 Bg4 10. h3 Bxe2 11. Bxe2 Nbd7 12. g4 e6 13. g5 Nd5 14. Bd4 Bd6 15. Nxd5+ exd5 16. Rdf1 Rhg8 17. Bg4 c5 18. Bc3 d4 19. Be1 Rgf8 20. f5 Ne5 21. Be2 Rf7 22. Bh5 Rff8 23. Kd1 g6 24. fxg6 hxg6 25. Be2 Rxf1 26. Rxf1 Rf8 27. Rf6 Rxf6 28. gxf6 Kd7 29. Bg4+ Nxg4 30. hxg4 Bf4 31. b4 c4 32. b5 Ke6 33. Bh4 g5 34. Bf2 e3 35. Be1 Kxf6 36. Ke2 Ke6 37. Bb4 Kd5 38. Kf3 Bd6 39. Be1 Bc5 40. a4 d3 41. cxd3 cxd3 42. Bc3 Kc4 43. Bf6 e2 0-1


[Site "https://www.chess.com"]

[Event "Titled Tuesday Blitz August 22 Early 2023"]
[White "Ovchinnikov, Vsevolod"]
[Black "Slovineanu, Viacheslav"]
[WhiteFideId "24176842"]
[BlackFideId "13900510"]
[WhiteElo "2643"]
[BlackElo "2382"]
[Result "1-0"]
[Round "1"]
[TimeControl "180+1"]
[Date "2023.08.22"]
[WhiteClock "0:00:12"]
[BlackClock "0:00:00"]
[Board "132"]

1. d4 Nf6 2. c4 c5 3. d5 b5 4. cxb5 a6 5. bxa6 g6 6. Nc3 Bg7 7. a7 Rxa7 8. e4 O-O 9. Nf3 e6 10. Be2 exd5 11. exd5 d6 12. O-O Bb7 13. Bf4 Nh5 14. Bg5 Qb6 15. Qb3 Nd7 16. Nd2 Nhf6 17. Nc4 Qxb3 18. axb3 Rxa1 19. Rxa1 Nxd5 20. Nxd6 Nxc3 21. bxc3 Bd5 22. Ra7 Nb6 23. c4 Be6 24. Be7 Rb8 25. Rb7 Nd7 26. Rxb8+ Nxb8 27. Nb7 Nc6 28. Bxc5 Bc3 29. Nd6 Kg7 30. Bd1 Nd4 31. Ne4 Bb2 32. Kf1 f5 33. Nd2 Bc3 34. Nf3 Nxf3 35. Bxf3 Kf6 36. Ke2 Ke5 37. Kd3 Be1 38. Bd4+ Kd6 39. Ba8 f4 40. g3 Bf5+ 41. Be4 Ke6 42. gxf4 Bb4 43. Ke3 h5 44. Kf3 Bd2 45. Bxf5+ Kxf5 46. Be3 Bb4 47. h3 Bd6 48. c5 Bc7 49. b4 Ke6 50. Ke4 Bb8 51. b5 Bc7 52. b6 Bd8 53. c6 Kd6 54. c7 1-0


[Site "https://www.chess.com"]

[Event "Titled Tuesday Blitz August 22 Early 2023"]
[White "Sipila, Vilka"]
[Black "Manukian, Artak"]
[WhiteFideId "505455"]
[BlackFideId "13301373"]
[WhiteElo "2639"]
[BlackElo "2380"]
[Result "0-1"]
[Round "1"]
[TimeControl "180+1"]
[Date "2023.08.22"]
[WhiteClock "0:00:00"]
[BlackClock "0:00:11"]
[Board "134"]

1. Nc3 c5 2. Nf3 Nc6 3. d4 cxd4 4. Nxd4 g6 5. e4 Bg7 6. Be3 Nf6 7. Be2 O-O 8. O-O d5 9. Nxc6 bxc6 10. Bf3 e6 11. Bd4 Bb7 12. exd5 cxd5 13. Na4 Qa5 14. Nc5 Bc6 15. Re1 Rfc8 16. c3 Nd7 17. Bxg7 Kxg7 18. Nd3 Bb5 19. Nf4 Qb6 20. a4 Bc4 21. a5 Qc7 22. g3 Re8 23. b3 Ba6 24. c4 Bb7 25. cxd5 exd5 26. Rxe8 Rxe8 27. Bxd5 Nf6 28. Rc1 Qb8 29. Bxb7 Qxb7 30. Qd3 Rc8 31. Rxc8 Qxc8 32. Qd4 Qc1+ 33. Kg2 Qc6+ 34. Kg1 Qc1+ 35. Kg2 Qc6+ 36. f3 Qc2+ 37. Kh3 Qxb3 38. Qxa7 Qxf3 39. Qd4 g5 0-1


[Site "https://www.chess.com"]

[Event "Titled Tuesday Blitz August 22 Early 2023"]
[White "Kekic, Armin"]
[Black "Itgelt, Khuyagtsogt"]
[WhiteFideId "14401274"]
[BlackFideId "4902912"]
[WhiteElo "2380"]
[BlackElo "2638"]
[Result "0-1"]
[Round "1"]
[TimeControl "180+1"]
[Date "2023.08.22"]
[WhiteClock "0:00:12"]
[BlackClock "0:00:55"]
[Board "135"]

1. e4 e6 2. d4 d5 3. exd5 exd5 4. Bf4 Bd6 5. Bxd6 Qxd6 6. Bd3 Ne7 7. Nf3 Nbc6 8. O-O O-O 9. Nbd2 Bf5 10. Bxf5 Nxf5 11. c3 a6 12. Qc2 g6 13. a4 Rfe8 14. Rfe1 Qf6 15. Rxe8+ Rxe8 16. Re1 Rxe1+ 17. Nxe1 Nd6 18. Nd3 Qf5 19. Nf3 Nc4 20. b3 Nb2 21. Nfe1 Nxd3 22. Qxd3 Qf4 23. Qe3 Qxe3 24. fxe3 Na5 25. b4 Nc4 26. Kf2 Nb2 27. a5 Nd1+ 28. Kf3 Nxc3 29. Nd3 b6 30. Kf4 f6 31. g4 g5+ 32. Kf5 Kf7 33. Nf2 Nb5 34. Ne4 0-1


[Site "https://www.chess.com"]

[Event "Titled Tuesday Blitz August 22 Early 2023"]
[White "Aaditya Dhingra"]
[Black "Federzoni, Enzo"]
[WhiteFideId "25678191"]
[BlackFideId "2173301"]
[WhiteElo "2638"]
[BlackElo "2377"]
[Result "1-0"]
[Round "1"]
[TimeControl "180+1"]
[Date "2023.08.22"]
[WhiteClock "0:01:14"]
[BlackClock "0:00:13"]
[Board "136"]

1. d4 Nf6 2. c4 e6 3. Nf3 Bb4+ 4. Bd2 a5 5. a3 Be7 6. Nc3 O-O 7. e4 d5 8. Qc2 dxe4 9. Nxe4 Nxe4 10. Qxe4 Nd7 11. Bd3 Nf6 12. Qe2 h6 13. O-O b6 14. Rad1 Bb7 15. Bf4 Bd6 16. Ne5 Qb8 17. Rfe1 Rd8 18. Bg3 c5 19. Bh4 g5 20. Bg3 cxd4 21. h4 Qc7 22. hxg5 hxg5 23. Qd2 Nh7 24. Bxh7+ Kxh7 25. Qxg5 Qe7 26. Qh5+ Kg7 27. Rxd4 Bxe5 28. Bxe5+ f6 29. Rg4+ Kf8 30. Qh8+ Kf7 31. Rg7# 1-0


[Site "https://www.chess.com"]